Map: Chantier naval orbital

Players

Kinder - Winner!

  • Race: Terran Terran
  • League: Master

Sylfaen

  • Race: Protoss Protoss
  • League: Diamond

VOD

Have the link to the VOD?

Description

Time

  • Played on: Jan. 29, 2016, 6:30 p.m.
  • Length: 6:21
Show
View Real Time Build Order
Export as new Build Order

Kinder Terran - Winner!

Build Orders:  

Get SALT Encoding   

  12  0:01  SCV  
  13  0:13  SCV  
  14  0:18  Supply Depot  
  14  0:25  SCV  
  15  0:37  Refinery  
  15  0:39  SCV  
  16  0:46  Barracks  
  16  0:54  SCV  
  17  0:59  Refinery  
  17  1:06  SCV  
  18  1:14  Barracks  
  18  1:19  SCV  
  19  1:31  SCV  
  20  1:33  Reaper  
  21  1:47  Supply Depot  
  21  1:48  SCV  
  22  1:57  Ghost Academy  
  22  2:01  Barracks Tech Lab  
  22  2:15  Orbital Command  
  22  2:18  Barracks Reactor  
  22  2:31  Personal Cloaking  
  22  2:45  SCV  
  22  2:49  Ghost  
  25  3:17  Ghost  
  27  3:20  SCV  
  27  3:22  Factory  
  27  3:23  Marine x2  
  28  3:41  SCV  
  15  3:53  Ghost, SCV  
  18  3:55  Marine  
  18  3:56  Marine  
  20  4:05  Widow Mine, SCV  
  15  4:17  SCV  
  12  4:36  SCV  
  13  4:48  SCV  
  14  5:00  SCV  
  15  5:12  SCV  
  11  5:24  SCV  
  12  5:31  Marine  
  13  5:36  SCV  
  13  5:37  Marine  
  15  5:48  SCV  
  16  5:58  Marine  
  16  5:59  Marine  
  16  6:00  SCV  
Show
View Real Time Build Order
Export as new Build Order

Sylfaen Protoss 

Build Orders: Oracle Opening 

Get SALT Encoding   

  12  0:01  Probe (Chrono Boost)  
  13  0:11  Probe (Chrono Boost)  
  14  0:17  Pylon  
  14  0:22  Probe (Chrono Boost)  
  15  0:35  Probe (Chrono Boost)  
  16  0:36  Gateway  
  16  0:45  Probe (Chrono Boost)  
  16  0:48  Assimilator  
  17  0:54  Assimilator  
  17  0:56  Probe (Chrono Boost)  
  18  1:06  Probe (Chrono Boost)  
  19  1:17  Probe (Chrono Boost)  
  20  1:24  Cybernetics Core  
  20  1:25  Pylon  
  20  1:28  Probe (Chrono Boost)  
  20  1:30  Pylon  
  21  1:38  Probe (Chrono Boost)  
  22  1:49  Probe (Chrono Boost)  
  23  2:00  Stargate  
  23  2:08  Probe (Chrono Boost)  
  23  2:11  Stalker (Chrono Boost)  
  26  2:16  Warp Gate  
  26  2:20  Probe  
  27  2:34  Nexus  
  27  2:35  Probe (Chrono Boost)  
  27  2:47  Oracle (Chrono Boost)  
  27  2:49  Probe  
  31  3:01  Probe  
  31  3:02  Pylon  
  31  3:24  Oracle (Chrono Boost)  
  31  3:25  Probe  
  35  3:37  Forge  
  35  3:38  Probe  
  35  3:55  Probe  
  35  3:56  Probe  
  35  4:02  Gateway x2  
  37  4:04  Gateway  
  37  4:08  Probe  
  24  4:32  Stalker  
  20  4:42  Probe  
  20  4:43  Probe  
  19  4:53  Probe  
  19  4:55  Probe  
  14  5:07  Probe  
  8  5:42  Probe  
Tags
 
Add a new tag
Caveats
  • Supply blocks, unpowered buildings, or Contaminate may cause inaccurate times.
  • Supply counts are checked every 10 seconds.